Map: Blackpink LE

Players

wanted - Winner!

  • Race: Protoss Protoss
  • League: Diamond
  • Spawn Location: 7:00

AceVenturaPD

  • Race: Terran Terran
  • League: Diamond
  • Spawn Location: 1:00

VOD

Have the link to the VOD?

Description

Time

  • Played on: Nov. 29, 2017, 5:39 a.m.
  • Length: 27:02
Show
View Real Time Build Order
Export as new Build Order

wanted Protoss - Winner!

Build Orders: Nexus First 

Get SALT Encoding   

  12  0:01  Probe (Chrono Boost)  
  13  0:13  Probe (Chrono Boost)  
  14  0:18  Probe (Chrono Boost)  
  15  0:22  Pylon  
  15  0:51  Nexus  
  15  1:03  Probe  
  16  1:09  Gateway  
  16  1:14  Assimilator  
  16  1:15  Probe  
  17  1:27  Probe  
  17  1:28  Assimilator  
  18  1:35  Pylon  
  18  1:39  Probe  
  19  1:52  Probe  
  20  1:59  Cybernetics Core  
  20  2:04  Probe (Chrono Boost)  
  20  2:06  Probe (Chrono Boost)  
  24  2:17  Probe x2 (Chrono Boost)  
  24  2:18  Probe  
  24  2:21  Probe  
  26  2:31  Gateway  
  26  2:34  Forge  
  26  2:36  Warp Gate (Chrono Boost)  
  26  2:42  Adept  
  28  2:46  Pylon  
  28  2:50  Probe  
  29  2:52  Probe  
  30  3:06  Shield Battery  
  30  3:09  Gateway  
  30  3:10  Probe  
  31  3:18  Pylon  
  31  3:28  Pylon  
  31  3:31  Probe  
  31  3:32  Gateway, Probe  
  33  3:43  Probe  
  33  3:44  Pylon  
  34  3:57  Photon Cannon  
  32  4:03  Pylon  
  32  4:05  Pylon  
  32  4:09  Pylon  
  32  4:17  Probe (Chrono Boost)  
  32  4:19  Probe (Chrono Boost)  
  34  4:24  Adept x2  
  34  4:25  Adept  
  34  4:28  Probe x2 (Chrono Boost)  
  42  4:32  Probe  
  42  4:34  Pylon  
  43  4:41  Photon Cannon  
  43  4:44  Assimilator  
  42  4:47  Adept x2  
  42  4:49  Adept  
  48  5:00  Twilight Council  
  48  5:03  Pylon  
  48  5:19  Stalker x3  
  48  5:20  Stalker  
  50  5:26  Robotics Facility  
  50  5:31  Probe  
  50  5:32  Blink, Probe  
  52  5:44  Photon Cannon  
  52  5:47  Protoss Ground Weapons Level 1 (Chrono Boost)  
  52  5:52  Stalker  
  52  5:56  Stalker  
  56  6:07  Pylon  
  60  6:19  Forge  
  60  6:25  Observer (Chrono Boost)  
  55  6:55  Immortal  
  59  7:02  Protoss Shields Level 1 (Chrono Boost), Stalker  
  59  7:03  Stalker x3  
  59  7:06  Pylon  
  67  7:08  Nexus  
  67  7:10  Probe  
  67  7:11  Pylon, Probe  
  67  7:14  Protoss Ground Weapons Level 2 (Chrono Boost)  
  69  7:23  Probe  
  69  7:24  Assimilator  
  69  7:28  Pylon  
  70  7:31  Pylon  
  70  7:35  Probe x2  
  72  7:40  Immortal  
  72  7:43  Charge (Chrono Boost)  
  76  7:50  Probe  
  76  7:51  Probe  
  78  7:58  Pylon  
  78  8:02  Probe  
  79  8:06  Pylon  
  79  8:11  Templar Archives  
  79  8:19  Probe x2  
  81  8:31  Probe  
  81  8:32  Assimilator  
  81  8:33  Pylon  
  82  8:35  Assimilator, Nexus  
  82  8:43  Gateway  
  82  8:44  Gateway  
  82  8:48  Gateway  
  81  8:55  Stalker  
  81  8:57  Stalker  
  81  9:01  Psionic Storm  
  85  9:08  Gateway  
  85  9:17  Photon Cannon  
  85  9:31  Probe x2  
  87  9:38  Stalker x3  
  93  9:51  Shield Battery  
  96  9:53  Shield Battery  
  96  9:55  Probe (Chrono Boost)  
  96  9:59  Probe (Chrono Boost)  
  97  10:00  Probe x2 (Chrono Boost)  
  97  10:02  Pylon  
  97  10:07  Observer, Probe x4 (Chrono Boost)  
  102  10:09  Probe  
  103  10:16  Probe x2  
  103  10:17  Probe  
  103  10:21  Probe  
  105  10:28  Zealot x2, Probe  
  105  10:29  Zealot x3  
  105  10:30  Stalker x3  
  105  10:33  Probe  
  116  10:40  Probe  
  116  10:41  Probe x2  
  119  10:45  Probe  
  119  10:47  Protoss Ground Weapons Level 3 (Chrono Boost)  
  120  10:53  Probe x3  
  123  10:57  Probe  
  123  10:58  High Templar  
  123  10:59  High Templar x2  
  123  11:01  Protoss Shields Level 2 (Chrono Boost)  
  130  11:05  Probe  
  130  11:06  High Templar x3  
  130  11:07  High Templar  
  139  11:21  Zealot  
  139  11:25  Probe x4  
  144  11:28  Pylon  
  145  11:37  Probe  
  146  11:42  Nexus  
  134  12:08  Archon  
  76  13:01  Stalker x5  
  76  13:02  Stalker  
  80  13:14  Zealot x2  
  80  13:18  Protoss Shields Level 3 (Chrono Boost), Protoss Ground Armor Level 1 (Chrono Boost)  
  84  13:22  Pylon  
  84  13:31  Gateway  
  84  13:32  Stalker x2  
  84  13:33  Stalker x4  
  96  13:34  Gateway x2, Stalker  
  96  13:35  Gateway, Stalker  
  96  13:39  Gateway  
  100  13:42  Gateway  
  100  13:43  Probe x4  
  100  13:46  Probe  
  105  13:49  Assimilator  
  105  13:51  Assimilator  
  105  13:55  Probe x4  
  107  14:01  Stalker x2  
  107  14:02  Stalker x4  
  119  14:03  Stalker x2  
  119  14:04  Nexus  
  119  14:08  Pylon  
  125  14:10  Pylon  
  125  14:14  Pylon  
  125  14:17  Pylon  
  125  14:19  Pylon  
  125  14:33  Stalker x2  
  125  14:34  Stalker x5  
  125  14:35  Stalker x5  
  103  15:18  Stalker  
  103  15:19  Stalker x6  
  103  15:20  Stalker x4  
  103  15:21  Stalker x3  
  127  15:23  Probe x6  
  135  15:32  Protoss Ground Armor Level 2 (Chrono Boost)  
  135  15:35  Probe x4  
  139  15:45  Stalker x5  
  139  15:46  Stalker x6  
  161  16:08  Assimilator  
  161  16:11  Assimilator  
  119  16:26  Gateway  
  119  16:27  Gateway  
  119  16:28  Gateway  
  111  16:33  Gateway  
  97  16:49  Stargate  
  97  16:50  Stargate  
  97  16:51  Stalker x2  
  97  16:52  Stargate, Stalker x5  
  97  16:53  Stalker x3  
  117  16:54  Stargate, Stalker x3  
  117  16:55  Stalker  
  125  17:06  Probe x2  
  125  17:07  Probe x2  
  129  17:11  Assimilator x2  
  129  17:15  Stargate  
  129  17:17  Protoss Air Weapons Level 1 (Chrono Boost)  
  129  17:35  Protoss Ground Armor Level 3  
  129  17:37  Fleet Beacon  
  129  17:45  Stargate  
  129  17:48  Stargate  
  129  17:49  Pylon  
  128  18:02  Nexus  
  126  18:07  Stalker x6  
  126  18:08  Stalker x5  
  138  18:28  Tempest (Chrono Boost)  
  138  18:29  Tempest x3 (Chrono Boost)  
  138  18:30  Tempest (Chrono Boost)  
  155  19:01  Tempest x5 (Chrono Boost)  
  175  19:05  Stalker x5  
  175  19:06  Stalker x3  
  175  19:07  Stalker  
  167  19:29  Stalker  
  167  19:30  Stalker x5  
  167  19:31  Stalker x2  
  135  19:53  Tempest  
  139  20:18  Zealot  
  139  20:19  Zealot  
  139  20:21  Probe  
  144  20:25  Assimilator  
  144  20:33  Probe  
  145  20:40  Assimilator  
  145  20:45  Probe  
  145  20:46  Zealot x2  
  145  20:47  Zealot x3  
  145  20:48  Zealot x5  
  145  20:49  Zealot x5  
  176  20:51  Tempest x3  
  194  20:58  Protoss Air Armor Level 1  
  194  21:09  Nexus  
  194  21:14  Assimilator x2  
  194  21:23  Nexus  
  120  21:54  Tempest x2 (Chrono Boost)  
  120  21:56  Tempest x2 (Chrono Boost)  
  144  22:09  Pylon  
  144  22:12  Pylon  
  144  22:14  Assimilator  
  144  22:15  Pylon  
  144  22:16  Assimilator, Pylon, Tempest (Chrono Boost)  
  150  22:33  Pylon  
  150  22:35  Assimilator  
  150  22:37  Probe x2  
  150  22:38  Assimilator, Probe x2  
  150  22:40  Zealot x5  
  150  22:41  Zealot x2  
  168  23:02  Zealot x2  
  168  23:03  Zealot x5  
  168  23:04  Zealot x2  
  142  23:25  Tempest  
  142  23:26  Tempest x4  
  144  23:49  Shield Battery  
  144  23:51  Shield Battery  
  144  23:53  Shield Battery  
  142  24:06  Zealot  
  142  24:08  Tempest x2 (Chrono Boost)  
  142  24:09  Tempest x3 (Chrono Boost)  
  158  24:30  Protoss Air Armor Level 2 (Chrono Boost)  
  158  24:34  Nexus  
  158  24:37  Pylon  
  158  24:42  Tempest x3 (Chrono Boost)  
  150  25:04  Stalker x4  
  150  25:05  Zealot x3  
  150  25:06  Zealot x5  
  165  25:11  Carrier x2 (Chrono Boost)  
  167  25:24  Carrier  
  173  25:28  Carrier  
  148  26:32  Stalker  
  145  26:34  Stalker x2  
  145  26:35  Stalker  
  151  26:46  Zealot  
  151  26:47  Zealot x5  
  155  26:48  Zealot x5  
  155  26:49  Zealot x2  
Show
View Real Time Build Order
Export as new Build Order

AceVenturaPD Terran 

Build Orders: Hellion Banshee, Mech 

Get SALT Encoding   

  12  0:01  SCV  
  13  0:15  SCV  
  13  0:18  Supply Depot  
  14  0:27  SCV  
  15  0:40  SCV  
  15  0:42  Barracks  
  16  0:48  Refinery  
  16  0:52  SCV  
  17  1:06  SCV  
  18  1:18  SCV  
  19  1:31  SCV  
  20  1:36  Barracks Reactor  
  20  1:40  Command Center  
  20  1:47  Orbital Command  
  20  2:04  Supply Depot  
  20  2:15  Marine x2  
  20  2:16  Factory  
  20  2:17  SCV  
  23  2:29  SCV  
  24  2:37  Bunker  
  24  2:38  Marine x2  
  26  2:47  SCV  
  27  2:53  Supply Depot  
  27  2:54  Refinery  
  27  2:55  Orbital Command  
  27  3:08  Barracks Tech Lab  
  27  3:10  Starport  
  27  3:20  SCV  
  27  3:24  SCV  
  27  3:26  Hellion x2  
  33  3:33  SCV  
  34  3:36  SCV  
  34  3:40  Engineering Bay  
  35  4:02  SCV x2  
  37  4:03  Hellion x2  
  41  4:12  Supply Depot  
  41  4:14  SCV x2  
  43  4:20  Missile Turret  
  43  4:22  Missile Turret  
  43  4:26  SCV x2  
  47  4:31  Banshee, Cloaking Field  
  47  4:33  Hellion  
  47  4:34  Hellion  
  52  4:38  SCV  
  52  4:41  Supply Depot  
  53  4:54  SCV x2  
  53  4:55  Hellion x2  
  59  5:05  Missile Turret  
  56  5:24  Refinery  
  56  5:25  SCV x2, Refinery  
  56  5:26  Banshee  
  61  5:34  Command Center  
  61  5:37  SCV  
  61  5:38  SCV  
  61  5:40  Hellion  
  61  5:41  Missile Turret, Hellion  
  67  5:43  Missile Turret  
  67  5:44  Barracks Tech Lab  
  67  5:45  Factory  
  67  5:49  SCV  
  68  5:50  SCV  
  69  6:00  Supply Depot  
  69  6:01  Supply Depot  
  69  6:02  SCV  
  70  6:21  SCV x2  
  70  6:22  Hellion x2  
  76  6:34  SCV  
  74  6:47  Raven, Corvid Reactor  
  74  6:53  Factory, Orbital Command  
  76  6:55  Missile Turret  
  76  6:56  Barracks Tech Lab  
  76  7:05  SCV x2  
  78  7:14  Armory  
  78  7:17  Supply Depot  
  78  7:18  Supply Depot x2  
  78  7:19  Siege Tank, Infernal Pre-Igniter  
  78  7:20  SCV  
  78  7:21  SCV  
  83  7:22  Refinery  
  83  7:23  SCV  
  83  7:24  Refinery  
  84  7:30  Missile Turret  
  84  7:34  Missile Turret  
  84  7:35  SCV, Missile Turret  
  84  7:36  Missile Turret  
  85  7:37  Missile Turret  
  85  7:43  Hellion x2  
  89  7:48  Siege Tank, Factory  
  92  7:52  Siege Tank  
  92  7:53  SCV  
  92  7:54  SCV  
  92  7:56  Barracks Reactor  
  97  8:03  Hi-Sec Auto Tracking  
  97  8:04  Missile Turret  
  97  8:05  Terran Vehicle Weapons Level 1  
  97  8:09  Supply Depot  
  97  8:11  Supply Depot x2  
  97  8:17  Hellion  
  97  8:18  Hellion  
  101  8:23  Raven  
  101  8:24  Factory  
  103  8:28  SCV x3  
  103  8:33  Supply Depot  
  106  8:39  Barracks Tech Lab  
  106  8:42  Starport  
  106  8:45  Command Center  
  106  8:50  SCV x3  
  106  8:54  Hellion x4  
  117  8:56  Smart Servos  
  117  9:00  Supply Depot  
  117  9:02  Armory  
  117  9:09  Siege Tank x2  
  123  9:11  Factory Tech Lab  
  123  9:21  Starport  
  123  9:44  Siege Tank x3, Hellion  
  123  9:45  Hellion x2  
  138  9:51  Fusion Core, Terran Vehicle And Ship Armor Level 1  
  138  9:54  SCV x3  
  141  10:16  Starport Tech Lab  
  141  10:18  Starport Tech Lab  
  141  10:21  Terran Vehicle Weapons Level 2  
  134  10:40  Battlecruiser x2  
  134  10:41  Battlecruiser  
  148  10:47  Sensor Tower  
  148  10:54  Planetary Fortress  
  148  10:55  Missile Turret  
  148  10:57  Command Center  
  148  10:59  Missile Turret  
  148  11:12  Sensor Tower  
  148  11:22  Supply Depot  
  148  11:23  Starport  
  148  11:32  Refinery  
  146  11:36  Refinery  
  90  12:16  Battlecruiser x3  
  90  12:17  Hellion x3  
  90  12:18  Hellion  
  107  12:37  Engineering Bay  
  107  12:39  Siege Tank  
  107  12:40  Siege Tank x2, Hellion x2  
  107  12:41  Hellion  
  119  12:53  SCV x3  
  122  13:05  SCV x3  
  119  13:17  SCV  
  120  13:26  Raven x2  
  130  13:27  Battlecruiser  
  130  13:29  Starport Tech Lab  
  130  13:30  Supply Depot  
  130  13:32  SCV x2  
  130  13:33  SCV  
  133  13:44  SCV  
  133  13:48  Planetary Fortress  
  134  13:52  SCV  
  135  14:00  Terran Vehicle Weapons Level 3, Terran Vehicle And Ship Armor Level 2  
  135  14:02  Weapon Refit  
  135  14:04  SCV, Hellion x2  
  135  14:05  Hellion x2  
  144  14:15  Sensor Tower  
  144  14:23  Battlecruiser x2  
  156  14:24  Siege Tank x2  
  149  15:10  Siege Tank  
  149  15:11  Siege Tank, Hellion  
  149  15:12  Hellion  
  156  15:26  Battlecruiser  
  156  15:27  Siege Tank, Hellion x2  
  169  15:28  Battlecruiser  
  169  15:33  Hellion  
  177  16:05  Command Center  
  177  16:09  Missile Turret  
  171  16:18  Battlecruiser  
  171  16:24  Siege Tank x3  
  161  16:37  Sensor Tower  
  157  16:40  Battlecruiser x2  
  169  16:56  Siege Tank x2, Hellion x2  
  179  17:01  Terran Ship Weapons Level 1  
  179  17:02  Command Center, Terran Vehicle And Ship Armor Level 3  
  179  17:03  Command Center  
  179  17:17  Hellion x2  
  179  17:19  Planetary Fortress  
  183  17:26  Engineering Bay  
  183  17:31  Siege Tank x3, Engineering Bay  
  183  17:36  SCV x2  
  183  17:37  SCV  
  195  18:13  SCV  
  196  18:25  Siege Tank  
  189  19:08  Battlecruiser  
  159  19:42  Siege Tank x2  
  159  19:43  Battlecruiser  
  159  19:44  Battlecruiser  
  139  20:04  Planetary Fortress  
  139  20:05  Planetary Fortress  
  131  20:07  Refinery  
  131  20:08  Refinery  
  129  20:23  Battlecruiser  
  135  20:35  Missile Turret  
  135  20:36  Missile Turret, Siege Tank x3  
  135  20:37  Hellion x4  
  152  20:54  Battlecruiser x2  
  152  20:56  Terran Ship Weapons Level 2  
  164  21:16  Command Center  
  164  21:18  Command Center  
  164  21:21  Command Center  
  130  21:45  Siege Tank  
  130  21:46  Siege Tank x2, Hellion  
  130  21:47  Hellion x3  
  130  22:05  Command Center x2, Raven x3  
  130  22:08  Command Center  
  136  22:16  Command Center  
  136  22:24  Command Center  
  136  22:26  Command Center  
  136  22:30  Thor x3  
  136  22:33  Hellion x4  
  160  22:51  Refinery  
  160  22:53  Refinery, Battlecruiser  
  152  23:19  Siege Tank x2  
  148  23:20  Siege Tank, Hellion x3  
  148  23:21  Hellion  
  142  23:43  Command Center  
  142  23:49  Orbital Command x2  
  142  23:50  Orbital Command  
  138  24:15  Hellion x2  
  138  24:16  Hellion x2, Battlecruiser x2  
  147  25:04  Siege Tank x3  
  147  25:05  Hellion x4  
  164  25:17  Planetary Fortress  
  164  25:26  Hellion x2  
  164  25:27  Hellion x2  
  163  26:06  Hellion x3  
  163  26:07  Hellion x5  
  147  26:12  Raven x3  
  147  26:13  Siege Tank  
  147  26:14  Hellion x2  
  119  26:38  Hellion x3  
  110  26:56  Refinery  
Tags
 
Add a new tag
Caveats
  • Supply blocks, unpowered buildings, or Contaminate may cause inaccurate times.
  • Supply counts are checked every 10 seconds.